 Dungeon Crawl Stone Soup version 0.22-a0-422-g9628fc8 (webtiles) character file.

501988 varam the Bludgeoner (level 25, -5/197 HPs)
             Began as a Gnoll Wanderer on May 11, 2018.
             Was an Initiate of Gozag.
             Killed from afar by a fire giant (13 damage)
             ... with a fireball
             ... on level 5 of the Vaults on May 17, 2018.
             The game lasted 06:32:42 (62075 turns).

varam the Bludgeoner (Gnoll Wanderer)              Turns: 62075, Time: 06:32:43

Health: -5/197     AC: 42    Str: 16    XL:     25   Next: 23%
Magic:  35/42      EV: 16    Int: 28    God:    Gozag
Gold:   321        SH: 16    Dex: 15    Spells: 16/55 levels left

rFire    + + .     SeeInvis .   p - +9 demon blade "Vuir" {elec, rElec rF- MR+++}
rCold    + . .     Gourm    .   L - +2 shield {reflect}
rNeg     . . .     Faith    .   K - +27 Lear's hauberk
rPois    +         Spirit   .   (helmet currently unavailable)
rElec    +         Reflect  +   U - scarf {repulsion}
rCorr    +         Harm     .   (gloves currently unavailable)
MR       ++++.     Rnd*Rage +   (boots currently unavailable)
Stlth    +++.......             R - amulet of regeneration
HPRegen  1.82/turn              j - ring "Retets" {rElec rPois rF+ Int+3 Slay+2}
MPRegen  0.28/turn              h - ring of protection from fire

@: resistant, singing, gold aura, regenerating, studying Long Blades, repel
missiles
A: distributed training, fangs 1, icy blue scales 1, berserk 1, evolution 1,
strong nose
}: 2/15 runes: serpentine, barnacled
a: Potion Petition, Call Merchant, Bribe Branch, Renounce Religion


You were on level 5 of the Vaults.
You worshipped Gozag.
Gozag was aware of your devotion.
You were not hungry.

You visited 8 branches of the dungeon, and saw 41 of its levels.
You visited the Abyss 4 times.
You also visited: Ice Cave.

You collected 22614 gold pieces.
You spent 8678 gold pieces at shops.
You paid 13615 gold pieces to Gozag.

Inventory:

Hand Weapons
 m - a +11 blowgun
 p - the +9 demon blade "Vuir" (weapon) {elec, rElec rF- MR+++}
   (You found it in an ice cave)

   Occasionally, upon striking a foe, it will discharge some electrical energy
   and cause terrible harm.
   It makes you vulnerable to fire.
   It insulates you from electricity.
   It affects your resistance to hostile enchantments.
 x - a +4 hand crossbow of velocity
 H - the +4 arc blade {discharge, rElec}
   (You found it on level 6 of the Lair of Beasts)

   It insulates you from electricity.
Missiles
 a - 8 needles of confusion
 u - 1099 bolts
 X - 3 javelins (quivered)
Armour
 F - the +0 scale mail of Ilydd {Regen+ Int-3 Dex-5 SInv}
   (You found it on level 2 of the Depths)

   It affects your intelligence (-3).
   It affects your dexterity (-5).
   It lets you see invisible.
   It increases your rate of regeneration.
 K - the +27 Lear's hauberk (worn)
   (You bought it in a shop on level 2 of the Lair of Beasts)
 L - a +2 shield of reflection (worn)
 U - a scarf of repulsion (worn)
Magical Staves
 b - an uncursed staff of fire
Jewellery
 h - a ring of protection from fire (right hand)
 i - an uncursed ring of see invisible
 j - the ring "Retets" (left hand) {rElec rPois rF+ Int+3 Slay+2}
   (You acquired it on level 2 of the Vaults)

   [ring of slaying]

   It affects your intelligence (+3).
   It affects your accuracy and damage with ranged weapons and melee attacks
   (+2).
   It protects you from fire.
   It insulates you from electricity.
   It protects you from poison.
 D - an uncursed ring of positive energy
 J - the ring of Amelioration {rC+ Str+5 Int-2 Dex+5 Stlth+}
   (You found it on level 2 of the Depths)

   [ring of dexterity]

   It affects your strength (+5).
   It affects your intelligence (-2).
   It affects your dexterity (+5).
   It protects you from cold.
   It makes you more stealthy.
 M - the ring "Gygugocoru" {rCorr +Inv +Fly Str+8 Dex-3}
   (You found it on level 5 of the Lair of Beasts)

   [ring of resist corrosion]

   It affects your strength (+8).
   It affects your dexterity (-3).
   It lets you turn invisible.
   It lets you fly.
 R - an amulet of regeneration (around neck)
 V - the amulet of Xom's Capriciousness {+Rage Str+4}
   (You acquired it on level 3 of the Depths)

   [amulet of rage]

   It affects your strength (+4).
   It lets you go berserk.
Wands
 k - a wand of clouds (3) {@v3}
 v - a wand of digging (3)
 C - a wand of acid (9) {@v2}
 N - a wand of iceblast (20) {@v4}
Scrolls
 g - 4 scrolls of summoning
 l - a scroll of immolation
 r - 9 scrolls of identify
 t - a scroll of teleportation
 z - 5 scrolls of blinking
 G - 3 scrolls of magic mapping
 O - a scroll of fog
 P - a scroll of fear
 Q - a scroll of silence
Potions
 d - 2 potions of might
 f - a potion of haste
 n - a potion of resistance
 q - 6 potions of curing
 s - 2 potions of agility
 w - 5 potions of heal wounds
 Z - a potion of magic
Books
 c - a manual of Long Blades
Miscellaneous
 y - a lamp of fire
 A - 2 phantom mirrors
 W - a fan of gales
Comestibles
 e - 5 rations


   Skills:
 + Level 16.2 Fighting
 + Level 15.7 Short Blades
 + Level 16.1 Long Blades
 + Level 15.7 Axes
 + Level 17.3 Maces & Flails
 + Level 15.7 Polearms
 + Level 15.7 Staves
 + Level 15.7 Slings
 + Level 15.7 Bows
 + Level 15.7 Crossbows
 + Level 15.9 Throwing
 + Level 16.2 Armour
 + Level 15.7 Dodging
 + Level 15.7 Stealth
 + Level 15.9 Shields
 + Level 15.7 Unarmed Combat
 + Level 15.7 Spellcasting
 + Level 13.5 Conjurations
 + Level 13.5 Hexes
 + Level 13.5 Charms
 + Level 13.5 Summonings
 + Level 13.5 Necromancy
 + Level 13.5 Translocations
 + Level 13.5 Transmutations
 + Level 13.5 Fire Magic
 + Level 13.5 Ice Magic
 + Level 13.5 Air Magic
 + Level 13.5 Earth Magic
 + Level 13.5 Poison Magic
 + Level 16.9 Invocations
 + Level 15.7 Evocations


You had 16 spell levels left.
You knew the following spells:

 Your Spells              Type           Power        Failure   Level  Hunger
a - Blink                 Tloc           N/A          1%          2    None
b - Mephitic Cloud        Conj/Pois/Air  #######.     1%          3    None
c - Call Imp              Summ           #######.     1%          2    None
d - Song of Slaying       Chrm           #######.     1%          2    None
e - Regeneration          Chrm/Necr      #######...   1%          3    None
f - Sticky Flame          Conj/Fire      #######.     1%          4    None
g - Fireball              Conj/Fire      #######...   1%          5    None
h - Bolt of Magma         Conj/Fire/Erth #######...   1%          5    None
i - Gell's Gravitas       Tloc           #######...   1%          3    None
j - Portal Projectile     Hex/Tloc       ######       1%          3    None
k - Passage of Golubria   Tloc           N/A          1%          4    None
z - Lesser Beckoning      Tloc           #######...   1%          3    None

Your spell library contained the following spells:

 Spells                   Type           Power        Failure   Level  Hunger
 Magic Dart               Conj           ####         1%          1    None
 Apportation              Tloc           ######       1%          1    None
 Conjure Flame            Conj/Fire      #######.     1%          3    None
 Lightning Bolt           Conj/Air       #######...   1%          5    None
 Slow                     Hex            #######.     1%          2    None
 Confuse                  Hex            #######.     1%          3    None
 Throw Flame              Conj/Fire      ######       1%          2    None
 Controlled Blink         Tloc           N/A          99%         8    ######.
 Freezing Cloud           Conj/Ice/Air   #######...   10%         6    ###....
 Ring of Flames           Chrm/Fire      #######...   45%         7    #####..
 Venom Bolt               Conj/Pois      #######...   1%          5    None
 Teleport Other           Tloc           #######.     1%          3    None
 Summon Small Mammal      Summ           ####         1%          1    None
 Animate Skeleton         Necr           N/A          1%          1    None
 Tukima's Dance           Hex            #######.     1%          3    None
 Iron Shot                Conj/Erth      #######...   10%         6    ###....
 Statue Form              Tmut/Erth      #######..    10%         6    ###....
 Dragon Form              Tmut           #######...   45%         7    #####..
 Confusing Touch          Hex            ######       1%          1    None
 Flame Tongue             Conj/Fire      #####        1%          1    None
 Ensorcelled Hibernation  Hex/Ice        ######       1%          2    None
 Metabolic Englaciation   Hex/Ice        #######...   1%          5    None
 Shatter                  Erth           #######...   100%        9    #######
 Dispersal                Tloc           #######...   10%         6    ###....
 Static Discharge         Conj/Air       #######.     1%          3    None
 Corona                   Hex            #######      1%          1    None
 Petrify                  Tmut/Erth      #######.     1%          4    None
 Orb of Destruction       Conj           #######...   45%         7    #####..
 Tornado                  Air            #######...   100%        9    #######
 Shroud of Golubria       Chrm/Tloc      #######...   1%          2    None
 Inner Flame              Hex/Fire       #######.     1%          3    None
 Disjunction              Tloc           #######...   99%         8    ######.
 Iskenderun's Battlesphe  Conj/Chrm      #######.     1%          5    None
 Dazzling Spray           Conj/Hex       ######       1%          3    None
 Force Lance              Conj/Tloc      #######.     1%          4    None
 Infusion                 Chrm           ####         1%          1    None
 Spectral Weapon          Hex/Chrm       #######.     1%          3    None
 Spellforged Servitor     Conj/Summ      #######...   45%         7    #####..
 Hydra Form               Tmut           #######...   10%         6    ###....
 Irradiate                Conj/Tmut      #######...   1%          5    None
 Yara's Violent Unravell  Hex/Tmut       #######...   1%          5    None
 Poisonous Vapours        Pois/Air       ######       1%          2    None
 Ignition                 Fire           #######...   99%         8    ######.


Dungeon Overview and Level Annotations

Branches:
Dungeon (15/15)            Temple (1/1) D:4            Lair (6/6) D:8
 Shoals (4/4) Lair:2        Snake (4/4) Lair:3        Slime (0/5) Lair:6
    Orc (2/2) D:12            Elf (0/3) Orc:2        Vaults (5/5) D:13
  Crypt (0/3) Vaults:2     Depths (4/5) D:15

Altars:
Ashenzari
Cheibriados
Dithmenos
Elyvilon
Fedhas
Gozag
Hepliaklqana
Kikubaaqudgha
Makhleb
Nemelex Xobeh
Okawaru
Qazlal
Ru
Sif Muna
Trog
Uskayaw
Vehumet
Wu Jian
Xom
Yredelemnul
Zin
The Shining One
Jiyva

Shops:
D:12 =   Orc:2 (:!*   Lair:2 [   Vaults:2 !(([:*([   Depths:1 %   Depths:2 %

Portals:
Hell: Depths:1 Depths:2 Depths:3
Abyss: Depths:1 Depths:4
Pandemonium: Orc:2 Depths:3
Ziggurat: Depths:3

Annotations:
Lair:5 exclusion: 2 oklob plants
Lair:6 1 runed door
Depths:2 3 runed doors


Innate Abilities, Weirdness & Mutations

Your experience applies equally to all skills.
You have very sharp teeth.
Your uncanny sense of smell can sniff out nearby items.
You are partially covered in icy blue scales. (AC +2)
You tend to lose your temper in combat.
You evolve.


Message History

* * * LOW HITPOINT WARNING * * *
The fiery explosion engulfs the fire giant.
The fire giant resists.
The fire giant is moderately wounded.
The fiery explosion engulfs the fire giant.
The fire giant resists.
The fire giant is moderately wounded.
The fiery explosion engulfs the fire giant.
The fire giant resists.
The fire giant is heavily wounded.
The yaktaur is engulfed in blazing flames.
The yaktaur wields an arbalest.
The yaktaur shoots a bolt.
The bolt completely misses you.
The bolt hits the fire giant.
The stone giant throws a large rock.
The large rock hits you!!
* * * LOW HITPOINT WARNING * * *
The fire giant is engulfed in blazing flames.
The fire giant casts a spell at you.
The fireball explodes!
The fireball engulfs you! You resist.
You die...
Your body crumbles into a pile of gold.

.$$$#..$$# #.
..$#.$.$#...
$$#.($.#o.$
#C$§§§.$.$.
#####§§§§§§T$##
......§§§§§.$$$
.$.$c§C§§§§$.$$
$$ccc§§@§C§$$$.
.$$(§§§§§§$$..$
###..§§§§$$$$##
#.$[§§§$$(($$
#$$$$$.$$#(([
..$.###[$.$# ..
..$$ #$$..# ∆#
..(∆ #[$$$# ..
#$...# ∆


You could see 2 fire giants, a stone giant, 4 yaktaurs, a troll and an orc.

Vanquished Creatures
  2 juggernauts
  Sojobo (Vaults:5)
  Saint Roka (Snake:4)
  Vashnia (Snake:4)
  Nikola (Snake:4)
  A bone dragon (Vaults:2)
  A lich (Vaults:1)
  5 tentacled starspawn
  2 sphinxes
  Frances (Snake:1)
  A shadow dragon (Vaults:5)
  A storm dragon (Depths:2)
  Kirke (Lair:5)
  Ilsuiw (Shoals:4)
  7 tengu reavers
  Donald (Snake:3)
  14 nagarajas
  3 deep elf sorcerers
  7 fire giants
  7 frost giants
  7 vault wardens
  A juggernaut zombie (D:15)
  Aizul (Snake:1)
  A cacodemon (Abyss:2)
  A reaper (IceCv)
  A balrug (Abyss:3)
  An angel (Abyss:3)
  A ghoul (Vaults:1)
  18 ironheart preservers
  A spriggan defender (Depths:3)
  14 stone giants
  5 very ugly things
  2 vampire knights (Depths:1)
  6 deep elf demonologists
  A deep elf annihilator (Vaults:3)
  2 lorocyprocas
  Azrael (D:14)
  A dire elephant (shapeshifter) (Vaults:3)
  Snorg (Lair:5)
  A merfolk javelineer (Shoals:3)
  5 ettins
  Josephine (D:11)
  5 deep elf death magi
  2 jiangshi (Depths:1)
  12 yaktaur captains
  4 fire dragons
  Erolcha (D:10)
  4 great orbs of eyes
  19 merfolk impalers
  5 hydras
  26 naga warriors
  Fannar (Orc:1)
  4 rakshasas
  14 ice dragons
  3 anacondas
  A catoblepas (D:12)
  A satyr (Shoals:4)
  11 centaur warriors
  3 alligator snapping turtles
  29 two-headed ogres
  27 vault guards
  An anaconda (shapeshifter) (Vaults:5)
  3 death knights
  2 merfolk avatars (Shoals:4)
  2 tengu warriors
  8 deep troll shamans
  4 merfolk aquamancers (Shoals:4)
  Urug (Lair:5)
  5 hell hogs
  2 vampire magi
  6 death yaks (Lair:5)
  4 shock serpents
  17 ogre magi
  11 deep troll earth magi
  5 thrashing horrors
  8 orc high priests (Orc:2)
  2 spriggan berserkers
  23 naga sharpshooters
  A sun demon (Abyss:3)
  8 hell knights
  Nergalle (D:10)
  12 deep elf knights
  14 skeletal warriors
  4 wretched stars
  A spatial maelstrom (Abyss:1)
  9 iron trolls
  3 sixfirhies
  A soul eater (Depths:3)
  A gelid demonspawn (Orc:2)
  2 salamander mystics (Snake:4)
  8 glowing orange brains
  2 infernal demonspawn (Orc:2)
  12 sea snakes
  2 flayed ghosts (Vaults:4)
  A shadow demon (Abyss:4)
  32 deep trolls
  5 wizards
  22 harpies
  6 unseen horrors
  9 naga ritualists
  7 deep elf archers
  11 ironbrand convokers
  Pikel (D:3)
  3 phantasmal warriors
  5 mana vipers
  A statue (Abyss:2)
  56 ugly things
  15 orc knights
  6 necromancers
  27 deep elf magi
  7 orc sorcerers
  7 wolf spiders
  A wolf spider (shapeshifter) (Vaults:5)
  8 fauns
  28 slime creatures
  7 cyclopes
  10 manticores
  23 starcursed masses
  A human skeleton (Vaults:3)
  2 centaur zombies
  6 merfolk sirens
  15 salamanders
  30 black mambas
  A rust devil (Depths:3)
  A fire giant skeleton (D:15)
  6 elephants (Lair:3)
  7 guardian serpents
  15 naga magi
  3 torpor snails
  6 smoke demons
  4 water nymphs (Shoals:4)
  14 spiny frogs
  2 gargoyles
  14 vault sentinels
  8 komodo dragons
  12 large abominations
  2 elf skeletons (Depths:3)
  A rime drake (shapeshifter) (Vaults:4)
  An orange demon (Depths:3)
  A hellion (Depths:3)
  3 centaur skeletons
  4 rime drakes
  3 tengu conjurers
  3 kobold demonologists
  A spark wasp simulacrum (Depths:3)
  6 efreet
  29 yaktaurs
  A komodo dragon (shapeshifter) (Depths:1)
  8 freezing wraiths
  11 ice devils
  A hellwing (Orc:2)
  4 polar bears (Lair:6)
  2 ancient zymes
  2 red devils (Abyss:3)
  8 trolls
  8 wind drakes
  A polar bear (shapeshifter) (Vaults:4)
  15 hornets
  10 raiju
  34 merfolk
  A blink frog (shapeshifter) (Vaults:4)
  7 blink frogs
  A deep troll zombie (D:15)
  9 hippogriffs
  A raiju (shapeshifter) (Vaults:1)
  A meliai zombie (D:13)
  6 dream sheep
  An ice dragon zombie (D:15)
  6 snapping turtles
  5 small abominations
  3 flying skulls (Abyss:5)
  21 spriggans
  A stone giant simulacrum (Vaults:3)
  8 wraiths
  A human simulacrum (Vaults:3)
  4 ynoxinuls
  A spriggan simulacrum (Depths:3)
  39 yaks
  2 shadows
  4 wyverns
  17 water elementals
  3 basilisks
  A human (D:9)
  A fire elemental (D:14)
  Grum (D:10)
  A chaos spawn (Orc:2)
  5 vampire mosquitoes
  2 hungry ghosts
  5 neqoxecs
  3 steam dragons
  7 wargs
  58 nagas
  6 acid dragons
  A soldier ant (D:14)
  15 water moccasins
  14 hell hounds
  10 porcupines
  A floating eye (Depths:3)
  Duvessa (D:4)
  33 orc warriors
  3 phantoms
  3 ettin simulacra (Depths:3)
  4 sky beasts
  6 black bears
  7 ice beasts
  A necrophage (D:5)
  41 wolves
  10 boggarts
  An elf zombie (Vaults:3)
  2 eyes of draining (D:12)
  38 ogres
  31 centaurs
  12 crocodiles
  7 big kobolds
  16 bullfrogs
  A wyvern zombie (D:11)
  A scorpion (D:8)
  Dowan (D:4)
  5 wights
  An elf simulacrum (Vaults:2)
  4 killer bees
  2 electric eels (Lair:5)
  4 howler monkeys
  3 bullfrog zombies
  4 crimson imps
  A quasit (Abyss:1)
  7 hounds
  24 orc priests
  5 jellies
  16 orc wizards
  9 iguanas
  13 worker ants
  A killer bee zombie (D:6)
  2 hound skeletons
  10 adders
  8 gnolls
  5 shadow imps
  11 white imps (IceCv)
  3 ufetubi
  3 oozes
  An adder skeleton (D:5)
  3 worms
  A dart slug (D:1)
  2 leopard geckos
  65 orcs
  4 giant cockroaches
  8 goblins
  8 hobgoblins
  6 jackals
  3 quokkas
  A ball python (D:3)
  A ball python skeleton (D:5)
  6 bats
  4 frilled lizards
  39 kobolds
  2 quokka zombies (D:6)
  2 rats
  2 fungi (Lair:5)
  2 plants
1886 creatures vanquished.

Vanquished Creatures (collateral kills)
  A salamander mystic (Snake:3)
1 creature vanquished.

Vanquished Creatures (others)
  2 vault guards (Vaults:5)
  A naga warrior (Snake:4)
  An anaconda (Snake:4)
  3 dancing weapons
  4 naga sharpshooters (Snake:4)
  A shadow wraith (Vaults:4)
  A deep elf archer (Vaults:3)
  An ugly thing (Depths:3)
  A yaktaur (Vaults:5)
  A merfolk (Shoals:4)
  2 water elementals (D:14)
  6 humans (Lair:6)
  4 yaks (D:14)
  A naga (Snake:4)
  2 starcursed masses (Abyss:5)
  3 centaurs
  An electric eel (D:14)
  An orc priest (Vaults:2)
  An adder (D:4)
  5 white imps (IceCv)
  3 ufetubi (IceCv)
  An orc (Snake:4)
  3 kobolds
  25 fungi
  61 plants
  8 starspawn tentacles
  4 tentacles (Abyss:5)
  3 withered plants (D:15)
150 creatures vanquished.

Grand Total: 2037 creatures vanquished

Notes
Turn   | Place    | Note
-------+----------+-------------------------------------------
     0 | D:1      | varam the Gnoll Wanderer began the quest for the Orb.
     0 | D:1      | varam set off with: a +2 scale mail, a +0 shortbow, 25 arrows, a +0 shield, a ration
     0 | D:1      | Reached XP level 1. HP: 20/20 MP: 1/1
    43 | D:1      | Reached XP level 2. HP: 26/26 MP: 2/2
   888 | D:1      | Reached XP level 3. HP: 31/31 MP: 3/3
  1312 | D:2      | Reached skill level 1 in Invocations
  1751 | D:2      | Reached skill level 1 in Short Blades
  1751 | D:2      | Reached skill level 1 in Long Blades
  1751 | D:2      | Reached skill level 1 in Axes
  1751 | D:2      | Reached skill level 1 in Polearms
  1751 | D:2      | Reached skill level 1 in Staves
  1751 | D:2      | Reached skill level 1 in Slings
  1751 | D:2      | Reached skill level 1 in Bows
  1751 | D:2      | Reached skill level 1 in Crossbows
  1751 | D:2      | Reached skill level 1 in Dodging
  1751 | D:2      | Reached skill level 1 in Stealth
  1751 | D:2      | Reached skill level 1 in Unarmed Combat
  1751 | D:2      | Reached skill level 1 in Spellcasting
  1751 | D:2      | Reached skill level 1 in Evocations
  1897 | D:3      | Reached XP level 4. HP: 33/38 MP: 5/5
  2182 | D:4      | Found a staircase to the Ecumenical Temple.
  2210 | D:2      | Reached skill level 1 in Conjurations
  2210 | D:2      | Reached skill level 1 in Hexes
  2210 | D:2      | Reached skill level 1 in Charms
  2210 | D:2      | Reached skill level 1 in Summonings
  2210 | D:2      | Reached skill level 1 in Necromancy
  2210 | D:2      | Reached skill level 1 in Translocations
  2210 | D:2      | Reached skill level 1 in Transmutations
  2210 | D:2      | Reached skill level 1 in Fire Magic
  2210 | D:2      | Reached skill level 1 in Ice Magic
  2210 | D:2      | Reached skill level 1 in Air Magic
  2210 | D:2      | Reached skill level 1 in Earth Magic
  2210 | D:2      | Reached skill level 1 in Poison Magic
  2506 | D:3      | Reached XP level 5. HP: 43/43 MP: 6/6
  2981 | Temple   | Entered the Ecumenical Temple
  2984 | Temple   | Reached XP level 6. HP: 38/50 MP: 8/8
  3476 | D:4      | Noticed a slave
  3477 | D:4      | Noticed a slave
  3479 | D:4      | Noticed Pikel
  3486 | D:4      | Noticed a slave
  3556 | D:3      | Killed Pikel
  3556 | D:3      | Reached skill level 5 in Fighting
  3556 | D:3      | Reached skill level 5 in Armour
  3556 | D:3      | Reached XP level 7. HP: 50/56 MP: 8/10
  3570 | D:4      | Reached skill level 9 in Maces & Flails
  3665 | D:4      | Noticed Dowan
  3668 | D:4      | Noticed Duvessa
  3676 | D:4      | Killed Dowan
  3688 | D:4      | Killed Duvessa
  3688 | D:4      | Reached XP level 8. HP: 58/63 MP: 10/12
  3870 | D:4      | Found a radiant altar of Vehumet.
  3871 | D:4      | Found a white marble altar of Elyvilon.
  3901 | D:4      | Got a pitted spear
  3902 | D:4      | Identified the +6 spear "Kodokh" {pierce, Int+4} (You found it on level 4 of the Dungeon)
  4219 | D:5      | Entered Level 5 of the Dungeon
  4274 | D:5      | Found a white marble altar of Elyvilon.
  4540 | D:5      | Found a glowing golden altar of the Shining One.
  4545 | D:5      | Found a basalt altar of Yredelemnul.
  5285 | D:5      | Noticed an angel
  5930 | D:6      | Found an opulent altar of Gozag.
  5931 | D:6      | Found a glowing silver altar of Zin.
  5937 | D:6      | Became a worshipper of Gozag Ym Sagoz the Greedy
  6119 | D:6      | Found an iron altar of Okawaru.
  6173 | D:6      | Found a snail-covered altar of Cheibriados.
  6186 | D:6      | Reached XP level 9. HP: 68/68 MP: 14/14
  6325 | D:7      | Learned a level 2 spell: Blink
  6329 | D:7      | Learned a level 3 spell: Mephitic Cloud
  7217 | D:7      | Found a deep blue altar of Sif Muna.
  7310 | D:8      | Reached skill level 5 in Throwing
  7310 | D:8      | Reached skill level 5 in Shields
  7648 | D:8      | Reached skill level 5 in Invocations
  7724 | D:8      | Found a staircase to the Lair.
  8203 | D:9      | Found a sparkling altar of Nemelex Xobeh.
  8223 | D:9      | Found a stormy altar of Qazlal.
  8293 | D:9      | Reached XP level 10. HP: 59/76 MP: 17/17
  8548 | D:9      | Found a shimmering altar of Xom.
  8760 | D:9      | Reached skill level 5 in Short Blades
  8760 | D:9      | Reached skill level 5 in Long Blades
  8760 | D:9      | Reached skill level 5 in Axes
  8760 | D:9      | Reached skill level 5 in Polearms
  8760 | D:9      | Reached skill level 5 in Staves
  8760 | D:9      | Reached skill level 5 in Slings
  8760 | D:9      | Reached skill level 5 in Bows
  8760 | D:9      | Reached skill level 5 in Crossbows
  8760 | D:9      | Reached skill level 5 in Dodging
  8760 | D:9      | Reached skill level 5 in Stealth
  8760 | D:9      | Reached skill level 5 in Unarmed Combat
  8760 | D:9      | Reached skill level 5 in Spellcasting
  8760 | D:9      | Reached skill level 5 in Evocations
  9216 | D:10     | Entered Level 10 of the Dungeon
  9230 | D:9      | Reached skill level 10 in Maces & Flails
  9553 | D:10     | Noticed Erolcha
  9594 | D:10     | Killed Erolcha
  9879 | D:10     | Noticed Nergalle
  9981 | D:10     | Killed Nergalle
 10069 | D:10     | Noticed Grum
 10107 | D:10     | Killed Grum
 10124 | D:10     | Reached XP level 11. HP: 50/83 MP: 15/19
 10589 | D:10     | Killed an unseen horror
 11056 | D:11     | Noticed a two-headed ogre
 11079 | D:10     | Killed a two-headed ogre
 11079 | D:10     | Reached skill level 5 in Conjurations
 11079 | D:10     | Reached skill level 5 in Hexes
 11079 | D:10     | Reached skill level 5 in Charms
 11079 | D:10     | Reached skill level 5 in Summonings
 11079 | D:10     | Reached skill level 5 in Necromancy
 11079 | D:10     | Reached skill level 5 in Translocations
 11079 | D:10     | Reached skill level 5 in Transmutations
 11079 | D:10     | Reached skill level 5 in Fire Magic
 11079 | D:10     | Reached skill level 5 in Ice Magic
 11079 | D:10     | Reached skill level 5 in Air Magic
 11079 | D:10     | Reached skill level 5 in Earth Magic
 11079 | D:10     | Reached skill level 5 in Poison Magic
 11325 | D:11     | Learned a level 2 spell: Call Imp
 11766 | D:11     | Noticed Josephine
 12301 | D:11     | Killed Josephine
 12912 | D:11     | Noticed a soul eater
 13793 | Lair:1   | Entered Level 1 of the Lair of Beasts
 13853 | Lair:1   | You fall through a shaft!
 14430 | Lair:1   | Noticed a four-headed hydra
 14453 | Lair:1   | Reached XP level 12. HP: 87/92 MP: 15/22
 14494 | Lair:1   | Killed a four-headed hydra
 14916 | Lair:1   | Got a twisted hunting sling
 14917 | Lair:1   | Identified the cursed +1 hunting sling "Analyr" {velocity, MR+} (You found it on level 1 of the Lair of Beasts)
 15393 | Lair:1   | You fall through a shaft!
 15485 | Lair:2   | Learned a level 2 spell: Song of Slaying
 15490 | Lair:2   | Learned a level 3 spell: Regeneration
 15595 | Lair:2   | Noticed a five-headed hydra
 15607 | Lair:2   | Killed a five-headed hydra
 15750 | Lair:2   | Reached skill level 11 in Maces & Flails
 16313 | Lair:2   | Learned a level 4 spell: Sticky Flame
 16319 | Lair:2   | Learned a level 5 spell: Fireball
 16355 | Lair:2   | Found a staircase to the Shoals.
 16355 | Lair:2   | Noticed a four-headed hydra
 16543 | Lair:2   | Killed a four-headed hydra
 16598 | Lair:1   | Upgraded the game from 0.22-a0-410-g97be04f to 0.22-a0-412-g2b68d14
 17104 | Lair:3   | Found a staircase to the Snake Pit.
 17626 | Lair:3   | Noticed a six-headed hydra
 17781 | Lair:3   | Killed a six-headed hydra
 17781 | Lair:3   | Reached XP level 13. HP: 76/101 MP: 24/24
 17822 | Lair:3   | Learned a level 5 spell: Bolt of Magma
 19356 | Lair:4   | Found a hide-covered altar of Uskayaw.
 19481 | Lair:4   | Upgraded the game from 0.22-a0-412-g2b68d14 to 0.22-a0-414-gacd343e
 19809 | Lair:4   | Upgraded the game from 0.22-a0-414-gacd343e to 0.22-a0-419-g492bfec
 19848 | Lair:5   | Noticed Urug
 19985 | Lair:5   | Killed Urug
 20309 | Lair:5   | Upgraded the game from 0.22-a0-419-g492bfec to 0.22-a0-422-g9628fc8
 20459 | Lair:5   | Noticed Snorg
 20496 | Lair:6   | Entered Level 6 of the Lair of Beasts
 20544 | Lair:5   | Killed Snorg
 20600 | Lair:5   | Got a wavering granite ring
 20602 | Lair:5   | Identified the ring "Gygugocoru" {rCorr +Inv +Fly Str+8 Dex-3} (You found it on level 5 of the Lair of Beasts)
 22015 | Lair:6   | Noticed Kirke
 22092 | Lair:5   | Reached XP level 14. HP: 88/109 MP: 12/26
 22455 | Lair:6   | Paralysed by a hornet for 2 turns
 22723 | Lair:6   | Reached skill level 10 in Fighting
 22723 | Lair:6   | Reached skill level 12 in Maces & Flails
 22723 | Lair:6   | Reached skill level 10 in Armour
 22925 | Lair:5   | Paralysed by a hornet for 2 turns
 23033 | Lair:6   | Found a runed door.
 23033 | Lair:6   | Found a viscous altar of Jiyva.
 23034 | Lair:6   | Noticed an azure jelly
 23173 | Lair:5   | Killed Kirke
 23465 | Lair:6   | Noticed an azure jelly
 23542 | Lair:6   | Found a staircase to the Slime Pits.
 23542 | Lair:6   | Noticed an azure jelly
 24411 | Lair:6   | Found the +4 arc blade {discharge, rElec}
 24471 | Lair:6   | Reached skill level 10 in Invocations
 26393 | D:12     | Found a staircase to the Orcish Mines.
 26406 | Orc:1    | Entered Level 1 of the Orcish Mines
 26466 | Orc:1    | Noticed Fannar
 26472 | Orc:1    | Killed Fannar
 26819 | Orc:2    | Entered Level 2 of the Orcish Mines
 26854 | Orc:2    | Found a frozen archway.
 26879 | IceCv    | Entered an ice cave
 27142 | IceCv    | Got a pair of encrusted gloves
 27159 | IceCv    | Identified the +3 pair of gloves of the Komodo Dragon {rC- Str+4 Int+4 Dex+5} (You found it in an ice cave)
 27521 | IceCv    | Noticed a reaper
 27795 | IceCv    | Killed a reaper
 27830 | IceCv    | Got a warped scimitar
 27836 | IceCv    | Got a fine demon blade
 27837 | IceCv    | Identified the +9 demon blade "Vuir" {elec, rElec rF- MR+++} (You found it in an ice cave)
 27841 | IceCv    | Identified the cursed +0 scimitar "Nutrophi" {drain, rC+ rN+} (You found it in an ice cave)
 27981 | Orc:2    | Found a staircase to the Elven Halls.
 28035 | Orc:2    | Found Lishopigu's Distillery.
 28046 | Orc:2    | Reached XP level 15. HP: 105/117 MP: 25/28
 28059 | Orc:2    | Found Mimanumn's General Store.
 28181 | Orc:2    | Reached skill level 10 in Throwing
 28181 | Orc:2    | Reached skill level 10 in Shields
 28469 | Orc:2    | Bought a potion of heal wounds for 90 gold pieces
 28469 | Orc:2    | Bought a potion of curing for 54 gold pieces
 28469 | Orc:2    | Bought a potion of curing for 54 gold pieces
 28469 | Orc:2    | Bought a potion of curing for 54 gold pieces
 28471 | Orc:2    | Bought a +4 hand crossbow of velocity for 435 gold pieces
 28471 | Orc:2    | Bought an uncursed ring of poison resistance for 320 gold pieces
 28599 | Orc:2    | HP: 1/117 [orc high priest/divine providence (11)]
 28750 | Orc:2    | Found Ufrogul's Book Emporium.
 28750 | Orc:2    | Found Wiacunn's Antique Weapon Shoppe.
 28751 | Orc:2    | Found a one-way gate leading to the halls of Pandemonium.
 30207 | D:12     | Reached skill level 10 in Short Blades
 30207 | D:12     | Reached skill level 10 in Long Blades
 30207 | D:12     | Reached skill level 10 in Axes
 30207 | D:12     | Reached skill level 10 in Polearms
 30207 | D:12     | Reached skill level 10 in Staves
 30207 | D:12     | Reached skill level 10 in Slings
 30207 | D:12     | Reached skill level 10 in Bows
 30207 | D:12     | Reached skill level 10 in Crossbows
 30207 | D:12     | Reached skill level 10 in Dodging
 30207 | D:12     | Reached skill level 10 in Stealth
 30207 | D:12     | Reached skill level 10 in Unarmed Combat
 30207 | D:12     | Reached skill level 10 in Spellcasting
 30207 | D:12     | Reached skill level 10 in Evocations
 31460 | D:14     | Noticed Azrael
 31579 | D:15     | Entered Level 15 of the Dungeon
 31895 | D:12     | Bought an uncursed ring of see invisible for 210 gold pieces
 31918 | D:13     | Cast into level 2 of the Abyss (ogre mage)
 31942 | Abyss:2  | Got a smelly scale mail
 31998 | Abyss:3  | Learned a level 3 spell: Gell's Gravitas
 32381 | Abyss:4  | Found a corrupted altar of Lugonu.
 32404 | Abyss:4  | Paralysed by accursed screaming for 1 turns
 32414 | Abyss:4  | Paralysed by accursed screaming for 1 turns
 32433 | Abyss:4  | Found a corrupted altar of Lugonu.
 32467 | D:13     | Escaped the Abyss
 32624 | D:13     | Found a gate to the Vaults.
 32879 | D:14     | Killed Azrael
 32993 | D:14     | Reached XP level 16. HP: 101/125 MP: 30/30
 33555 | D:15     | Reached skill level 13 in Maces & Flails
 33648 | D:15     | Identified the +1 scale mail of Izym Qoe {-Cast rF+ rN++ Str+3} (You found it on level 2 of the Abyss)
 33883 | D:15     | Found Emnuosue's Food Shoppe.
 33897 | D:15     | Bought a ration for 65 gold pieces
 33897 | D:15     | Bought a ration for 65 gold pieces
 33897 | D:15     | Bought a ration for 65 gold pieces
 33897 | D:15     | Bought a ration for 65 gold pieces
 33897 | D:15     | Bought a ration for 65 gold pieces
 33897 | D:15     | Bought a ration for 65 gold pieces
 33897 | D:15     | Bought a ration for 65 gold pieces
 33897 | D:15     | Bought a ration for 65 gold pieces
 34292 | D:15     | Found a staircase to the Depths.
 34937 | Snake:1  | Entered Level 1 of the Snake Pit
 34955 | Snake:1  | Noticed Aizul
 34977 | Snake:1  | Killed Aizul
 35194 | Snake:1  | Noticed Frances
 35214 | Snake:1  | Killed Frances
 36102 | Snake:2  | Noticed a nagaraja
 36114 | Snake:2  | Killed a nagaraja
 36877 | Snake:3  | Reached XP level 17. HP: 133/133 MP: 32/32
 37591 | Snake:3  | Noticed Donald
 37614 | Snake:3  | Killed Donald
 37767 | Snake:4  | Entered Level 4 of the Snake Pit
 38330 | Snake:4  | Noticed Nikola
 38359 | Snake:4  | Killed Nikola
 38691 | Snake:4  | Learned a level 3 spell: Lesser Beckoning
 38912 | Snake:4  | Reached skill level 10 in Conjurations
 38912 | Snake:4  | Reached skill level 10 in Hexes
 38912 | Snake:4  | Reached skill level 10 in Charms
 38912 | Snake:4  | Reached skill level 10 in Summonings
 38912 | Snake:4  | Reached skill level 10 in Necromancy
 38912 | Snake:4  | Reached skill level 10 in Translocations
 38912 | Snake:4  | Reached skill level 10 in Transmutations
 38912 | Snake:4  | Reached skill level 10 in Fire Magic
 38912 | Snake:4  | Reached skill level 10 in Ice Magic
 38912 | Snake:4  | Reached skill level 10 in Air Magic
 38912 | Snake:4  | Reached skill level 10 in Earth Magic
 38912 | Snake:4  | Reached skill level 10 in Poison Magic
 38912 | Snake:4  | Reached XP level 18. HP: 141/141 MP: 33/33
 39021 | Snake:4  | Reached skill level 14 in Maces & Flails
 39155 | Snake:4  | Noticed Vashnia
 39218 | Snake:4  | Killed Vashnia
 39380 | Snake:4  | Noticed Saint Roka
 39405 | Snake:4  | Killed Saint Roka
 39405 | Snake:4  | Reached XP level 19. HP: 145/148 MP: 32/34
 40713 | Snake:4  | Got a serpentine rune of Zot
 41217 | Shoals:1 | Entered Level 1 of the Shoals
 41564 | Lair:2   | Bought the +27 Lear's hauberk for 2602 gold pieces
 41564 | Lair:2   | Found the +27 Lear's hauberk
 41610 | Lair:2   | Bought a shiny shield for 150 gold pieces
 43074 | Shoals:4 | Entered Level 4 of the Shoals
 43112 | Shoals:3 | Reached XP level 20. HP: 152/156 MP: 36/36
 44548 | Shoals:4 | Noticed Ilsuiw
 44825 | Vaults:1 | Entered Level 1 of the Vaults
 44991 | Vaults:1 | Identified a scroll of acquirement
 44999 | Vaults:1 | Got a faintly glowing ivory ring
 45000 | Vaults:1 | Identified the ring of Paduown {+Fly rPois Dex+3} (You acquired it on level 1 of the Vaults)
 45245 | Vaults:1 | Reached skill level 15 in Maces & Flails
 46257 | Vaults:1 | Reached XP level 21. HP: 142/164 MP: 32/38
 46701 | Vaults:2 | Cast into level 3 of the Abyss (a deep elf sorcerer)
 46882 | Abyss:3  | Noticed a bone dragon
 47091 | Vaults:2 | Escaped the Abyss
 47334 | Vaults:2 | Found Niomig's Distillery.
 47351 | Vaults:2 | Bought a potion of heal wounds for 70 gold pieces
 47351 | Vaults:2 | Bought a potion of heal wounds for 70 gold pieces
 47575 | Vaults:2 | Noticed a bone dragon
 47620 | Vaults:2 | Killed a bone dragon
 47992 | Vaults:2 | Learned a level 4 spell: Passage of Golubria
 48046 | Vaults:2 | Found a staircase to the Crypt.
 49972 | Vaults:3 | Reached XP level 22. HP: 173/173 MP: 34/39
 50406 | Vaults:3 | Reached skill level 15 in Invocations
 51471 | Vaults:4 | Got a fine scale mail
 51477 | Vaults:4 | Identified the +3 scale mail of the Circus Animal {rC++ SInv} (You found it on level 4 of the Vaults)
 52204 | Vaults:4 | Reached skill level 16 in Maces & Flails
 52396 | Vaults:2 | Bought a runed morningstar for 259 gold pieces
 52407 | Vaults:2 | Bought a bloodstained cloak for 456 gold pieces
 52422 | Vaults:2 | Identified the +2 cloak of the Barracuda {MR+} (You bought it in a shop on level 2 of the Vaults)
 52437 | Vaults:2 | Bought a pair of embroidered boots for 360 gold pieces
 52450 | Vaults:2 | Identified a +1 pair of boots of running (You bought it in a shop on level 2 of the Vaults)
 53024 | Shoals:4 | Killed Ilsuiw
 53524 | Shoals:4 | Got a barnacled rune of Zot
 54066 | Depths:1 | Entered Level 1 of the Depths
 54181 | Depths:1 | Found a gateway to Hell.
 54512 | Depths:1 | Reached XP level 23. HP: 152/180 MP: 41/41
 54523 | Depths:1 | Reached skill level 15 in Fighting
 54523 | Depths:1 | Reached skill level 15 in Armour
 54989 | Depths:1 | Found Gageuf's Food Shop.
 55015 | Depths:1 | Found a one-way gate to the infinite horrors of the Abyss.
 55274 | Depths:1 | Got a warped golden amulet
 55275 | Depths:1 | Identified the amulet "Muli" {Acrobat rF- Str+5 Stlth+} (You acquired it on level 1 of the Depths)
 56032 | Depths:2 | Cast into level 4 of the Abyss (a Zot trap)
 56220 | Abyss:5  | Entered Level 5 of the Abyss
 56433 | Abyss:5  | Reached skill level 15 in Throwing
 56433 | Abyss:5  | Reached skill level 15 in Shields
 56523 | Depths:2 | Escaped the Abyss
 56530 | Depths:2 | Got a crystal dagger
 56531 | Depths:2 | Identified the +7 dagger of Vanity {protect, rElec rC+ Str+5 Dex-4} (You found it on level 2 of the Depths)
 56619 | Depths:2 | Found Oty Jich's Food Emporium.
 57708 | Depths:3 | Reached skill level 15 in Short Blades
 57708 | Depths:3 | Reached skill level 15 in Long Blades
 57708 | Depths:3 | Reached skill level 15 in Axes
 57708 | Depths:3 | Reached skill level 15 in Polearms
 57708 | Depths:3 | Reached skill level 15 in Staves
 57708 | Depths:3 | Reached skill level 15 in Slings
 57708 | Depths:3 | Reached skill level 15 in Bows
 57708 | Depths:3 | Reached skill level 15 in Crossbows
 57708 | Depths:3 | Reached skill level 15 in Dodging
 57708 | Depths:3 | Reached skill level 15 in Stealth
 57708 | Depths:3 | Reached skill level 15 in Unarmed Combat
 57708 | Depths:3 | Reached skill level 15 in Spellcasting
 57708 | Depths:3 | Reached skill level 15 in Evocations
 57741 | Depths:3 | Reached XP level 24. HP: 144/189 MP: 38/42
 57766 | Depths:3 | Got an ancient ruby amulet
 57767 | Depths:3 | Identified the amulet of Xom's Capriciousness {+Rage Str+4} (You acquired it on level 3 of the Depths)
 57946 | Depths:3 | Paralysed by a great orb of eyes for 4 turns
 58496 | Depths:3 | Found a gateway to a ziggurat.
 59616 | Depths:2 | Noticed a juggernaut
 59624 | Depths:2 | Found a runed door.
 59851 | Depths:2 | Killed a juggernaut
 59931 | Depths:2 | Found a runed door.
 59935 | Depths:2 | Found a runed door.
 59968 | Depths:2 | Found the +5 robe of Night {Dark MR+ SInv}
 59981 | Depths:2 | Found a runed door.
 60022 | Depths:2 | Got an ancient great sword
 60028 | Depths:2 | Identified the cursed +1 great sword "Guti" {venom, +Rage Dex+2} (You found it on level 2 of the Depths)
 60037 | Depths:2 | Got a faintly humming scale mail
 60048 | Depths:2 | Identified the +0 scale mail of Ilydd {Regen+ Int-3 Dex-5 SInv} (You found it on level 2 of the Depths)
 60074 | Depths:2 | Learned a level 3 spell: Portal Projectile
 60106 | Depths:2 | Got a heavily runed marble ring
 60158 | Depths:1 | Identified the ring of Amelioration {rC+ Str+5 Int-2 Dex+5 Stlth+} (You found it on level 2 of the Depths)
 60194 | Depths:1 | Voluntarily entered the Abyss.
 60199 | Abyss:1  | Found a viscous altar of Jiyva.
 60477 | Abyss:1  | Noticed a juggernaut
 60496 | Abyss:1  | Killed a juggernaut
 60496 | Abyss:1  | Reached skill level 17 in Maces & Flails
 60767 | Depths:1 | Escaped the Abyss
 61274 | Vaults:4 | Gained mutation: Scrolls take you a little longer to read. [potion of mutation]
 61274 | Vaults:4 | Gained mutation: You have a pair of small horns on your head. [potion of mutation]
 61274 | Vaults:4 | Gained mutation: Your spells are a little harder to cast, but a little more powerful. [potion of mutation]
 61528 | Lair:1   | Lost mutation: Scrolls take you a little longer to read. [potion of mutation]
 61528 | Lair:1   | Lost mutation: Your spells are a little harder to cast, but a little more powerful. [potion of mutation]
 61528 | Lair:1   | Lost mutation: You have a pair of small horns on your head. [potion of mutation]
 61528 | Lair:1   | Gained mutation: Scrolls take you a little longer to read. [potion of mutation]
 61528 | Lair:1   | Gained mutation: You can translocate small distances at will. [potion of mutation]
 61528 | Lair:1   | Gained mutation: You evolve. [potion of mutation]
 61529 | Lair:1   | Lost mutation: You evolve. [potion of mutation]
 61529 | Lair:1   | Lost mutation: You can translocate small distances at will. [potion of mutation]
 61529 | Lair:1   | Gained mutation: Armour fits poorly on your strangely shaped body. [potion of mutation]
 61529 | Lair:1   | Gained mutation: You evolve. [potion of mutation]
 61530 | Lair:1   | Lost mutation: Scrolls take you a little longer to read. [potion of mutation]
 61530 | Lair:1   | Lost mutation: Armour fits poorly on your strangely shaped body. [potion of mutation]
 61530 | Lair:1   | Gained mutation: You tend to lose your temper in combat. [potion of mutation]
 61530 | Lair:1   | Gained mutation: You are partially covered in icy blue scales. (AC +2) [potion of mutation]
 61698 | Vaults:2 | Bought a book of the Tempests for 1540 gold pieces
 61700 | Vaults:2 | Bought a scroll of acquirement for 624 gold pieces
 61702 | Vaults:2 | Got a faintly glowing platinum ring
 61704 | Vaults:2 | Identified the ring "Retets" {rElec rPois rF+ Int+3 Slay+2} (You acquired it on level 2 of the Vaults)
 61730 | Vaults:2 | Bought a potion of heal wounds for 60 gold pieces
 61730 | Vaults:2 | Bought 6 needles of confusion for 36 gold pieces
 61861 | Vaults:2 | Bought a +11 blowgun for 714 gold pieces
 61933 | Vaults:5 | Entered Level 5 of the Vaults
 61933 | Vaults:5 | Noticed Sojobo
 61948 | Vaults:5 | Killed Sojobo
 61980 | Vaults:5 | Reached XP level 25. HP: 107/197 MP: 37/42
 62075 | Vaults:5 | HP: 8/197 [stone giant/large rock (33)]
 62075 | Vaults:5 | Killed from afar by a fire giant

Vault maps used:
D:1:      eino_arrival_cavern_d
D:2:      first_ration
D:4:      gammafunk_temple_overflow_statue, temple_fountains,
          minmay_misc_feat_encased, uniq_pikel, uniq_duvessa
D:5:      grunt_temple_overflow_holy_war, elyvilon_altar_3
D:6:      grunt_temple_overflow_gold_and_silver, marbit_many_paths,
          nicolae_overflow_crystal_walls, grunt_ministairs_10,
          roderic_serpentine_path
D:7:      led_sif_pool, serial_bayou_crossing
D:8:      lair_entry_dummy
D:9:      tgw_xom, nicolae_qazlal_style_of_elements, basic_altar, grunt_pizzeria
D:10:     minmay_misc_feat_alley, hex_tiny, uniq_erolcha, uniq_nergalle,
          uniq_grum
D:11:     lab_entry_generic, uniq_josephine
D:12:     orc_0_dummy, serial_glass, glass_columns_a, glass_columns_a
D:13:     grunt_vaults_entry_fortified
D:14:     serial_park_tiny_1, billiards_dpeg, uniq_azrael
D:15:     gammafunk_depths_entry_grave, roderic_lattice_octagonal_star,
          serial_shops, shop
Temple:   minmay_temple_curvy_loop
Lair:1:   nzn_random_ring
Lair:2:   minmay_shoals_entry_hut, infiniplex_staircase_pool, grunt_megastairs_3
Lair:3:   minmay_snake_entry_guardpost_small
Lair:4:   basic_altar, grunt_megastairs_4
Lair:5:   serial_bayou, serial_bayou_lagoon_b, serial_bayou_pond_e,
          serial_bayou_pond_e, serial_bayou_pond_c,
          grunt_forest_large_clearing_hut, minmay_lair_oklob_chamber, uniq_urug,
          uniq_snorg
Lair:6:   minmay_lair_end_enchanted_forest, slime_altar_2, patterned_corridor,
          serial_bayou_shore_b, uniq_kirke
Shoals:1: argonaut_golden_fleece
Shoals:4: shoals_end_grunt_ice, shoal_ilsuiw
Snake:1:  uniq_aizul, uniq_frances
Snake:3:  uniq_donald
Snake:4:  grunt_snake_rune_spirals, basic_stair_grate_trap, uniq_nikola,
          uniq_vashnia, uniq_saint_roka
Orc:1:    uniq_fannar
Orc:2:    pf_orc_diabolical, portal_ice_cave_rime
Vaults:1: nicolae_vaults_twisting_passages, v_alt_pattern_2,
          grunt_vaults_trifunnel, vaults_room_corners,
          ontoclasm_vaults_shuriken, vaults_room_stairs_pillars, st_octagons_2,
          vaults_room_door_ring, v_misc_11, v_misc_15,
          hangedman_vaults_river_flow, nicolae_vaults_ring_of_whatevers
Vaults:2: minmay_crypt_entry_nasty_monster, v_alt_pattern_2,
          nicolae_vaults_little_squares_1, grunt_vaults_swirl,
          ontoclasm_vaults_fault, v_rooms_2, v_misc_16, v_misc_11, v_misc_12,
          vaults_room_door_ring, serial_shops, shop_fountains
Vaults:3: v_alt_pattern_2, nicolae_vaults_little_squares_4,
          nicolae_vaults_puzzle_piece, v_pattern_3, dpeg_vaults_monster_row,
          ontoclasm_vaults_tryst, hangedman_vaults_stagger, v_misc_10,
          nicolae_vaults_little_squares_6, nicolae_vaults_little_squares_4,
          nicolae_vaults_angled_halls
Vaults:4: ontoclasm_vaults_eye, grunt_vaults_hallway_short,
          nicolae_vaults_theta, grunt_vaults_bifocal,
          nicolae_vaults_ninety_degrees, v_misc_16, dpeg_vaults_monster_box,
          nicolae_vaults_specimen_jars
Vaults:5: uniq_sojobo
Depths:1: serial_bayou, serial_bayou_pond_c, serial_bayou_pond_c,
          serial_bayou_shore_a, serial_bayou_pond_d, serial_bayou_ford_a,
          minmay_door_square, abyss_entry, grunt_hell_horde, serial_shops, shop,
          kennysheep_dice
Depths:2: impenetrable_vault, hangedman_abyss_or_decor_slice, hell_entry,
          serial_shops, shop_fountains
Depths:3: hangedman_elemental_death_ray, enter_ziggurat_e, hell_entry,
          hangedman_abyss_or_decor_lesser_grid, rand_demon_pan_entry_5,
          minmay_staircase_statues, firewood_loft
Depths:4: lemuel_troll_bridge, hangedman_coc_ice_floe, serial_shops, shop,
          infiniplex_staircase_pillars_3b, mu_enter_wizlab_4, abyss_entry,
          st_stairs_5, hangedman_decor_opposing, serial_bayou_lagoon_a
Abyss:1:  minivault_20
Abyss:2:  hangedman_decor_lopped
Abyss:3:  evilmike_abyss_rune_tso_outpost,
          hangedman_grunt_abyss_rune_horror_hoard
Abyss:4:  evilmike_abyss_exit_15, abyss_furniture_001,
          doesnt_abyss_rune_brain_food, lemuel_flamethrower_2,
          nicolae_abyss_rune_left_handed, evilmike_abyss_exit_13
Abyss:5:  guppyfry_abyss_exit_glass_guarded,
          evilmike_nicolae_abyss_rune_containment_curve,
          evilmike_abyss_exit_kraken
IceCv:    ice_cave_small_demon

Skill      XL: |  1  2  3  4  5  6  7  8  9 10 11 12 13 14 15 16 17 18 19 20 21 22 23 24 25 |
---------------+----------------------------------------------------------------------------+-----
Invocations    | 1 2 3 4 5 6 7 8 9 10 11 12 13 14 15 16 | 16.9
Short Blades   | 1 2 3 4 5 6 7 8 9 10 11 12 13 14 15 | 15.7
Long Blades    | 1 2 3 4 5 6 7 8 9 10 11 12 13 14 15 16 | 16.1
Axes           | 1 2 3 4 5 6 7 8 9 10 11 12 13 14 15 | 15.7
Polearms       | 1 2 3 4 5 6 7 8 9 10 11 12 13 14 15 | 15.7
Staves         | 1 2 3 4 5 6 7 8 9 10 11 12 13 14 15 | 15.7
Slings         | 1 2 3 4 5 6 7 8 9 10 11 12 13 14 15 | 15.7
Bows           | 1 2 3 4 5 6 7 8 9 10 11 12 13 14 15 | 15.7
Crossbows      | 1 2 3 4 5 6 7 8 9 10 11 12 13 14 15 | 15.7
Dodging        | 1 2 3 4 5 6 7 8 9 10 11 12 13 14 15 | 15.7
Stealth        | 1 2 3 4 5 6 7 8 9 10 11 12 13 14 15 | 15.7
Unarmed Combat | 1 2 3 4 5 6 7 8 9 10 11 12 13 14 15 | 15.7
Spellcasting   | 1 2 3 4 5 6 7 8 9 10 11 12 13 14 15 | 15.7
Evocations     | 1 2 3 4 5 6 7 8 9 10 11 12 13 14 15 | 15.7
Conjurations   | 1 2 3 4 5 6 7 8 9 10 11 12 13 | 13.5
Hexes          | 1 2 3 4 5 6 7 8 9 10 11 12 13 | 13.5
Charms         | 1 2 3 4 5 6 7 8 9 10 11 12 13 | 13.5
Summonings     | 1 2 3 4 5 6 7 8 9 10 11 12 13 | 13.5
Necromancy     | 1 2 3 4 5 6 7 8 9 10 11 12 13 | 13.5
Translocations | 1 2 3 4 5 6 7 8 9 10 11 12 13 | 13.5
Transmutations | 1 2 3 4 5 6 7 8 9 10 11 12 13 | 13.5
Fire Magic     | 1 2 3 4 5 6 7 8 9 10 11 12 13 | 13.5
Ice Magic      | 1 2 3 4 5 6 7 8 9 10 11 12 13 | 13.5
Air Magic      | 1 2 3 4 5 6 7 8 9 10 11 12 13 | 13.5
Earth Magic    | 1 2 3 4 5 6 7 8 9 10 11 12 13 | 13.5
Poison Magic   | 1 2 3 4 5 6 7 8 9 10 11 12 13 | 13.5
Throwing       | 3 4 5 6 7 8 9 10 11 12 13 14 15 | 15.9
Shields        | 3 4 5 6 7 8 9 10 11 12 13 14 15 | 15.9
Fighting       | 5 6 7 8 9 10 11 12 13 14 15 16 | 16.2
Armour         | 5 6 7 8 9 10 11 12 13 14 15 16 | 16.2
Maces & Flails | 9 10 11 12 13 14 15 16 17 | 17.3

Action                   |  1- 3 |  4- 6 |  7- 9 | 10-12 | 13-15 | 16-18 | 19-21 | 22-24 | 25-27 || total
-------------------------+-------+-------+-------+-------+-------+-------+-------+-------+-------++-------
Melee: Dagger            |    32 |       |       |       |       |       |       |     8 |       ||    40
       Club              |    40 |       |       |       |       |       |       |       |       ||    40
       Bite              |    13 |    14 |    36 |   112 |   236 |   112 |   259 |   282 |     4 ||  1068
       Whip              |    34 |   212 |    86 |   150 |   347 |       |       |       |       ||   829
       Flail             |    21 |       |       |       |       |       |       |       |       ||    21
       Rapier            |       |       |   172 |   744 |   944 |   427 |  1117 |  1161 |       ||  4565
       War axe           |       |       |    57 |       |    21 |     1 |   141 |       |       ||   220
       Spear             |       |       |    50 |       |       |       |       |       |       ||    50
       Short sword       |       |       |       |    12 |       |       |       |       |       ||    12
       Demon blade       |       |       |       |       |   143 |   212 |   457 |   632 |    15 ||  1459
       Unarmed           |       |       |       |       |     6 |     2 |     1 |     1 |       ||    10
 Fire: Shortbow          |    20 |       |       |       |       |       |       |       |       ||    20
       Blowgun           |       |     4 |     2 |     1 |       |       |       |       |       ||     7
       Hunting sling     |       |       |     4 |    31 |       |     9 |       |       |       ||    44
       Hand crossbow     |       |       |       |       |       |     4 |    45 |       |       ||    49
Throw: Tomahawk          |       |       |     1 |    82 |    72 |   105 |   182 |    89 |       ||   531
       Throwing net      |       |       |       |     1 |       |       |       |     2 |       ||     3
       Stone             |       |       |       |     1 |       |       |       |       |       ||     1
       Javelin           |       |       |       |       |    78 |    53 |       |    28 |    11 ||   170
 Cast: Mephitic Cloud    |       |       |       |     8 |    23 |     6 |     2 |     1 |       ||    40
       Blink             |       |       |       |    23 |    22 |    11 |     9 |     2 |       ||    67
       Call Imp          |       |       |       |    15 |    22 |     6 |     9 |     3 |       ||    55
       Sticky Flame      |       |       |       |       |    80 |     8 |     1 |     1 |       ||    90
       Bolt of Magma     |       |       |       |       |    34 |    14 |     2 |       |       ||    50
       Fireball          |       |       |       |       |    22 |     9 |     1 |     9 |       ||    41
       Regeneration      |       |       |       |       |    20 |    18 |    46 |    29 |     5 ||   118
       Song of Slaying   |       |       |       |       |    13 |    21 |    42 |    43 |     1 ||   120
       Gell's Gravitas   |       |       |       |       |     1 |     1 |       |     2 |     3 ||     7
       Lesser Beckoning  |       |       |       |       |       |     1 |    62 |    45 |       ||   108
Invok: Potion Petition   |       |       |       |     1 |     3 |     1 |     2 |     1 |       ||     8
       Call Merchant     |       |       |       |       |     1 |       |     5 |     3 |       ||     9
 Abil: Evoke Invisibilit |       |       |       |       |     1 |       |     3 |       |       ||     4
Evoke: Wand              |       |       |       |    32 |    10 |    17 |    15 |     7 |       ||    81
       Lamp of fire      |       |       |       |     1 |     1 |     1 |       |       |       ||     3
       Fan of gales      |       |       |       |       |       |       |     1 |     1 |       ||     2
  Use: Scroll            |     3 |     2 |     2 |    17 |    15 |     5 |    12 |    14 |     1 ||    71
       Potion            |       |     1 |     1 |     5 |     6 |     2 |     5 |     8 |     1 ||    29
 Stab: Sleeping          |       |       |     6 |     3 |     6 |     5 |     3 |     9 |       ||    32
       Distracted        |       |       |     2 |     5 |     8 |    10 |    13 |    15 |       ||    53
       Confused          |       |       |       |     5 |    19 |     3 |       |       |       ||    27
       Paralysed         |       |       |       |    14 |       |       |       |       |       ||    14
       Held in net/web   |       |       |       |     1 |       |       |       |       |       ||     1
  Eat: Chunk             |     3 |     5 |     6 |       |     1 |       |       |       |       ||    15
       Ration            |       |       |     3 |    11 |    19 |     7 |    12 |    13 |       ||    65
Armor: Scale mail        |    52 |    67 |     1 |       |       |       |       |       |       ||   120
       Skin              |       |    40 |       |       |       |       |       |       |       ||    40
       Plate armour      |       |       |     3 |       |       |    57 |   101 |       |       ||   161
       Ring mail         |       |       |    85 |   205 |   423 |    99 |       |       |       ||   812
       Leather armour    |       |       |       |    51 |    18 |       |       |       |       ||    69
       Chain mail        |       |       |       |       |       |       |   521 |   539 |    20 ||  1080
Dodge: Dodged            |    41 |    52 |    99 |   513 |   831 |   416 |   657 |   568 |    30 ||  3207
       Deflected         |       |       |       |       |       |    57 |    53 |    47 |       ||   157
Block: Shield            |    15 |   112 |   145 |       |       |   124 |   955 |   878 |    29 ||  2258
       Reflection        |     1 |     3 |     3 |    10 |     7 |    21 |    97 |    58 |     3 ||   203
       Buckler           |       |       |     6 |   256 |   400 |   146 |       |       |       ||   808
       Rpst.: Scimitar   |       |       |       |       |     1 |       |       |       |       ||     1
       Demon blade       |       |       |       |       |    18 |    13 |    30 |    37 |     8 ||   106

Table legend:
 A = Spawn XP
 B = Non-spawn XP
 C = Spawn XP percentage of total XP
 D = Spawn monster count
 E = Non-spawn monster count
 F = Spawn count percentage of total count
 G = Total turns spent on level
                    A         B        C        D         E        F      G
               +---------+---------+-------+---------+---------+-------+---------
         Total |   40910 |  886449 |   4.4 |      72 |    1832 |   3.8 | 62075
               +---------+---------+-------+---------+---------+-------+---------
           D:1 |       0 |      42 |   0.0 |       0 |      20 |   0.0 |  1250
           D:2 |       0 |     175 |   0.0 |       0 |      24 |   0.0 |   755
           D:3 |       0 |     674 |   0.0 |       0 |      12 |   0.0 |  1023
           D:4 |       0 |     360 |   0.0 |       0 |       9 |   0.0 |   795
           D:5 |       0 |     697 |   0.0 |       0 |      18 |   0.0 |  1113
           D:6 |       0 |     468 |   0.0 |       0 |      20 |   0.0 |  1010
           D:7 |       0 |     654 |   0.0 |       0 |      15 |   0.0 |   940
           D:8 |       0 |    1356 |   0.0 |       0 |      12 |   0.0 |  1042
           D:9 |       0 |    2201 |   0.0 |       0 |      23 |   0.0 |  1341
          D:10 |       0 |    5593 |   0.0 |       0 |      33 |   0.0 |  2714
          D:11 |       0 |    4777 |   0.0 |       0 |      53 |   0.0 |  1697
          D:12 |       0 |    9952 |   0.0 |       0 |      55 |   0.0 |  2559
          D:13 |       0 |   12686 |   0.0 |       0 |      43 |   0.0 |  1100
          D:14 |       0 |   12791 |   0.0 |       0 |      36 |   0.0 |  1520
          D:15 |       0 |   17605 |   0.0 |       0 |      47 |   0.0 |  1241
        Temple |       0 |      13 |   0.0 |       0 |       1 |   0.0 |   396
        Lair:1 |       0 |    3512 |   0.0 |       0 |      14 |   0.0 |  2224
        Lair:2 |       0 |    7016 |   0.0 |       0 |      28 |   0.0 |  2060
        Lair:3 |       0 |    9456 |   0.0 |       0 |      36 |   0.0 |  2040
        Lair:4 |       0 |    3562 |   0.0 |       0 |      14 |   0.0 |  1057
        Lair:5 |       0 |   17518 |   0.0 |       0 |      50 |   0.0 |  2482
        Lair:6 |       0 |   15414 |   0.0 |       0 |      76 |   0.0 |  2389
      Shoals:1 |       0 |   11949 |   0.0 |       0 |      22 |   0.0 |   875
      Shoals:2 |       0 |    7158 |   0.0 |       0 |      14 |   0.0 |   878
      Shoals:3 |       0 |   19192 |   0.0 |       0 |      35 |   0.0 |  1184
      Shoals:4 |       0 |   45541 |   0.0 |       0 |      77 |   0.0 |  1432
       Snake:1 |       0 |   15721 |   0.0 |       0 |      25 |   0.0 |  1111
       Snake:2 |       0 |    6995 |   0.0 |       0 |      12 |   0.0 |   615
       Snake:3 |       0 |   31967 |   0.0 |       0 |      58 |   0.0 |  1702
       Snake:4 |       0 |   95682 |   0.0 |       0 |     132 |   0.0 |  2662
         Orc:1 |       0 |    2719 |   0.0 |       0 |      28 |   0.0 |   723
         Orc:2 |       0 |   18614 |   0.0 |       0 |      66 |   0.0 |  1217
      Vaults:1 |       0 |   58216 |   0.0 |       0 |      82 |   0.0 |  2059
      Vaults:2 |       0 |   65641 |   0.0 |       0 |     110 |   0.0 |  2380
      Vaults:3 |       0 |   46879 |   0.0 |       0 |      71 |   0.0 |  1741
      Vaults:4 |       0 |   43403 |   0.0 |       0 |      66 |   0.0 |  1764
      Vaults:5 |       0 |   76295 |   0.0 |       0 |      77 |   0.0 |    81
      Depths:1 |       0 |   57113 |   0.0 |       0 |      97 |   0.0 |  2163
      Depths:2 |       0 |   74376 |   0.0 |       0 |      82 |   0.0 |  1888
      Depths:3 |       0 |   48872 |   0.0 |       0 |      67 |   0.0 |  1734
      Depths:4 |       0 |    3911 |   0.0 |       0 |       5 |   0.0 |    84
       Abyss:1 |    9939 |   12606 |  44.1 |       7 |      11 |  38.9 |   375
       Abyss:2 |     535 |    2189 |  19.6 |       1 |       3 |  25.0 |   254
       Abyss:3 |    8664 |    5694 |  60.3 |      13 |      10 |  56.5 |   785
       Abyss:4 |    5912 |    1630 |  78.4 |      15 |       4 |  78.9 |   286
       Abyss:5 |   15860 |    3105 |  83.6 |      36 |      15 |  70.6 |   303
         IceCv |       0 |    4459 |   0.0 |       0 |      24 |   0.0 |  1031
               +---------+---------+-------+---------+---------+-------+---------
